 Dungeon Crawl Stone Soup version 0.24-a0-230-g536ed4e (webtiles) character file.

Game seed: 1408874677581891824

4445 silenth the Carver (level 10, 0/118 HPs)
             Began as a Demonspawn Gladiator on Apr 3, 2019.
             Was a Follower of Makhleb.
             Killed by the air
             ... invoked by Gastronok
              (11 damage)
             ... on level 9 of the Dungeon.
             The game lasted 00:11:00 (6152 turns).

silenth the Carver (Demonspawn Gladiator)           Turns: 6152, Time: 00:11:00

Health: 0/118      AC: 25    Str: 12 (15) XL:     10   Next: 15%
Magic:  0/14       EV:  2    Int:  8 (9)  God:    Makhleb [*.....]
Gold:   437        SH:  0    Dex: 17 (18) Spells: 9/9 levels left

rFire    + . .     SeeInvis .   a - +0 long sword
rCold    + . .     Gourm    .   (no shield)
rNeg     + + +     Faith    .   (armour currently unavailable)
rPois    +         Spirit   +   (helmet currently unavailable)
rElec    .         Reflect  .   (cloak currently unavailable)
rCorr    .         Harm     .   (gloves currently unavailable)
MR       .....     NoTele   +   (boots currently unavailable)
Stlth    ++........             I - amulet of regeneration
HPRegen  0.69/turn              z - ring of protection from fire
MPRegen  0.14/turn              i - ring of protection from cold

@: tree-form, hasted and slowed
A: magic shield, flame cloud immunity
a: Renounce Religion


You were on level 9 of the Dungeon.
You worshipped Makhleb.
Makhleb was aware of your devotion.
You were not hungry.
You were a tree.
You visited 2 branches of the dungeon, and saw 10 of its levels.

You collected 437 gold pieces.

Inventory:

Hand Weapons
 a - a +0 long sword (weapon)
 w - a +4 blowgun
Missiles
 h - 2 throwing nets (quivered)
 y - 4 poisoned needles
Armour
 b - a +0 leather armour
 c - a +2 helmet (melded)
 m - a +4 ring mail (melded)
 D - a +2 scale mail of cold resistance
Jewellery
 d - a +4 amulet of reflection
 i - a ring of protection from cold (right branch)
 k - an uncursed ring of ice
 z - a ring of protection from fire (left branch)
 F - a +3 ring of intelligence
 I - an amulet of regeneration (around neck)
Wands
 A - a wand of random effects (5)
Scrolls
 l - a scroll of amnesia
 n - 2 scrolls of immolation
 o - 4 scrolls of teleportation
 r - 7 scrolls of remove curse
 u - a scroll of blinking {unknown}
 v - a scroll of enchant weapon {unknown}
 C - a scroll of noise {unknown}
 H - a scroll of magic mapping {unknown}
Potions
 f - 2 potions of might {unknown}
 g - a potion of magic
 j - 2 potions of flight
 p - 2 potions of brilliance
 q - a potion of resistance {unknown}
 s - a potion of cancellation {unknown}
 x - 2 potions of degeneration
 E - 2 potions of lignification
 G - a potion of mutation
 J - 3 potions of agility
Comestibles
 e - 20 rations
 K - 3 chunks of flesh


   Skills:
 + Level 7.4 Fighting
 * Level 9.6 Long Blades
 - Level 1.7 Throwing
 - Level 4.2 Armour
 - Level 4.0 Dodging
 - Level 3.0 Stealth
 + Level 6.2 Invocations


You had 9 spell levels left.
You didn't know any spells.
Your spell library contained the following spells:

 Spells                   Type           Power        Failure   Level  Hunger
 Corona                   Hex            #......      41%         1    ##.....
 Ensorcelled Hibernation  Hex/Ice        #.....       54%         2    ###....
 Confuse                  Hex            #.......     78%         3    ####...
 Dazzling Spray           Conj/Hex       #.....       78%         3    ####...
 Tukima's Dance           Hex            #.......     78%         3    ####...


Dungeon Overview and Level Annotations

Branches:
Dungeon (9/15)             Temple (1/1) D:7
   Lair: D:8-11         Orc: D:9-12

Altars:
Ashenzari
Cheibriados
Dithmenos
Elyvilon
Fedhas
Gozag
Hepliaklqana
Kikubaaqudgha
Makhleb
Nemelex Xobeh
Qazlal
Ru
Sif Muna
Trog
Uskayaw
Vehumet
Wu Jian
Xom
Yredelemnul
Zin
The Shining One

Annotations:
D:9 Gastronok


Innate Abilities, Weirdness & Mutations

((You have large cloven feet.))
((Your flesh is heat resistant. (rF+)))
When hurt, damage is shared between your health and your magic reserves.
You are immune to clouds of flame.
((When seriously injured, your bleeding wounds create armour. (AC +0)))


Message History

Gastronok is severely wounded.
Gastronok bites you but does no damage.
You hit Gastronok.
Gastronok is severely wounded.
You hit Gastronok but do no damage.
Gastronok is severely wounded.
Gastronok bites you!!
* * * LOW HITPOINT WARNING * * *
You slash Gastronok!
Gastronok is severely wounded.
You hit Gastronok.
Gastronok is severely wounded.
Gastronok bites you!
* * * LOW HITPOINT WARNING * * *
You slash Gastronok!
Gastronok is severely wounded.
It was a potion of flight.
Your roots keep you in place.
Gastronok waves his eye-stalks in wide circles.
The air twists around and strikes you!
You die...

#..........#
#..........#
#(.........#
#..........#
##(.........#
w...........#
#.....b....# ###w#
#.♣.# #.### ###.#######
######### #.........#
...(....# #.........#
........# #....(....#
........#####.........#
..<.....'.).#.........#
........###...........#


You could see Gastronok and a bat.

Vanquished Creatures
  Harold (D:8)
  2 two-headed ogres
  Menkaure (D:5)
  2 black bears (D:8)
  2 orc warriors
  An ice beast (D:6)
  An ogre (D:7)
  A phantom (D:7)
  2 centaurs
  A bullfrog (D:8)
  2 wyvern zombies
  2 scorpions
  A water moccasin skeleton (D:6)
  4 killer bees (D:8)
  A howler monkey (D:7)
  7 crimson imps
  A bullfrog zombie (D:6)
  2 hounds (D:6)
  An orc priest (D:8)
  A bullfrog skeleton (D:3)
  2 iguanas
  6 orc wizards
  4 worker ants
  Natasha (D:2)
  A hound zombie (D:8)
  4 hound skeletons
  A howler monkey skeleton (D:6)
  11 adders
  2 shadow imps
  2 oozes
  2 adder zombies (D:6)
  An adder skeleton (D:5)
  2 worms
  A dart slug (D:4)
  5 leopard geckos
  12 orcs
  6 bats
  5 giant cockroaches
  4 goblins
  8 hobgoblins
  18 jackals
  9 quokkas
  3 ball pythons
  A ball python skeleton (D:5)
  4 frilled lizards
  6 kobolds
  A quokka skeleton (D:5)
  6 rats
164 creatures vanquished.

Notes
Turn   | Place    | Note
-------+----------+-------------------------------------------
     0 | D:1      | silenth the Demonspawn Gladiator began the quest for the
                  | Orb.
     0 | D:1      | Reached XP level 1. HP: 16/16 MP: 1/1
   223 | D:1      | Reached skill level 3 in Long Blades
   308 | D:1      | Gained mutation: You have large cloven feet. [demonic
                  | ancestry]
   308 | D:1      | Reached XP level 2. HP: 22/22 MP: 2/2
   367 | D:1      | Found a hazy altar of Hepliaklqana.
   369 | D:1      | Found an ornate altar of the Wu Jian Council.
   369 | D:1      | Found a radiant altar of Vehumet.
   371 | D:1      | Found a glowing golden altar of the Shining One.
   371 | D:1      | Found a shimmering altar of Xom.
   371 | D:1      | Found a hazy altar of Hepliaklqana.
   608 | D:2      | Noticed Natasha
   616 | D:2      | Noticed a crimson imp
   621 | D:2      | Killed Natasha
   621 | D:2      | Reached XP level 3. HP: 21/28 MP: 1/3
  1001 | D:2      | Reached skill level 4 in Long Blades
  1001 | D:2      | Reached XP level 4. HP: 34/34 MP: 4/4
  1097 | D:2      | Reached skill level 3 in Fighting
  1827 | D:3      | Gained mutation: When seriously injured, your bleeding
                  | wounds create armour. (AC +0) [demonic ancestry]
  1827 | D:3      | Reached XP level 5. HP: 40/41 MP: 5/5
  2235 | D:4      | Found a hazy altar of Hepliaklqana.
  2285 | D:4      | Reached skill level 5 in Long Blades
  2307 | D:4      | Reached skill level 3 in Dodging
  2307 | D:4      | Reached skill level 1 in Stealth
  2307 | D:4      | Reached XP level 6. HP: 42/48 MP: 4/6
  2404 | D:4      | Reached skill level 4 in Fighting
  2428 | D:4      | Got a faintly glowing spear
  2554 | D:4      | Found a blossoming altar of Fedhas.
  2853 | D:5      | Entered Level 5 of the Dungeon
  2904 | D:5      | Noticed Menkaure
  2913 | D:5      | Killed Menkaure
  2913 | D:5      | Reached skill level 2 in Stealth
  2913 | D:5      | Gained mutation: Your flesh is heat resistant. (rF+)
                  | [demonic ancestry]
  2913 | D:5      | Reached XP level 7. HP: 49/55 MP: 5/7
  3071 | D:5      | Reached skill level 6 in Long Blades
  3438 | D:6      | Reached skill level 4 in Dodging
  3438 | D:6      | Reached skill level 3 in Stealth
  3663 | D:6      | Gained mutation: When hurt, damage is shared between your
                  | health and your magic reserves. [demonic ancestry]
  3663 | D:6      | Reached XP level 8. HP: 61/61 MP: 8/8
  3752 | D:6      | Reached skill level 5 in Fighting
  3812 | D:6      | Reached skill level 1 in Armour
  3959 | D:6      | Found a sacrificial altar of Ru.
  4150 | D:6      | Reached skill level 7 in Long Blades
  4260 | D:7      | Found a staircase to the Ecumenical Temple.
  4307 | Temple   | Entered the Ecumenical Temple
  4393 | Temple   | Became a worshipper of Makhleb the Destroyer
  4745 | D:7      | Reached skill level 2 in Armour
  4745 | D:7      | Reached skill level 1 in Invocations
  4896 | D:7      | Reached skill level 2 in Invocations
  5237 | D:8      | Found a bloodstained altar of Trog.
  5285 | D:8      | Noticed a two-headed ogre
  5313 | D:8      | Killed a two-headed ogre
  5313 | D:8      | Reached skill level 6 in Fighting
  5313 | D:8      | Reached skill level 8 in Long Blades
  5313 | D:8      | Reached skill level 3 in Armour
  5313 | D:8      | Reached skill level 3 in Invocations
  5313 | D:8      | Reached XP level 9. HP: 42/70 MP: 4/11
  5396 | D:8      | Reached skill level 4 in Invocations
  5444 | D:8      | Noticed a +0 dagger
  5445 | D:8      | Noticed a +0 dagger
  5449 | D:8      | Found a hide-covered altar of Uskayaw.
  5540 | D:8      | Reached * piety under Makhleb
  5568 | D:8      | Noticed Harold
  5611 | D:8      | Killed Harold
  5611 | D:8      | Reached skill level 9 in Long Blades
  5611 | D:8      | Reached skill level 4 in Armour
  5611 | D:8      | Reached skill level 5 in Invocations
  5696 | D:8      | Found a shimmering altar of Xom.
  5720 | D:8      | Reached skill level 7 in Fighting
  5906 | D:8      | Found a stormy altar of Qazlal.
  6092 | D:9      | Noticed a two-headed ogre
  6094 | D:9      | Noticed Gastronok
  6112 | D:9      | Killed a two-headed ogre
  6112 | D:9      | Reached skill level 6 in Invocations
  6112 | D:9      | Gained mutation: You are immune to clouds of flame.
                  | [demonic ancestry]
  6112 | D:9      | Reached XP level 10. HP: 71/79 MP: 11/14
  6134 | D:9      | HP: 4/118 [Gastronok/the air (29)]
  6150 | D:9      | HP: 10/118 [Gastronok (11)]
  6152 | D:9      | Killed from afar by Gastronok

Levels and vault maps discovered:
D:1:      ebering_trefoil_twist, layout_loops_ring, doesnt_xom_only_xom
D:2:      cheibrodos_helix_gallery, layout_basic, minmay_tromino_v2,
          uniq_natasha
D:3:      layout_basic, first_ration
D:4:      layout_rooms, nicolae_overflow_hidden_temple,
          nicolae_overflow_crystal_walls, lemuel_round_altar,
          minmay_diced_spiral
D:5:      layout_rooms, minmay_splitting_lines, uniq_menkaure
D:6:      layout_loops_corners, hangedman_ru_absence
D:7:      layout_loops_ring, minmay_temple_entry_gardened_gates, grunt_ogre_cave
D:8:      layout_basic, dancing_weapons_uskayaw, old_standard_altar,
          basic_altar, trog_ov_bears_minmay, uniq_harold
D:9:      layout_roguey, st_stairs_14, uniq_gastronok, uniq_psyche
Temple:   minmay_crystal_spiral_temple

Skill      XL: |  1  2  3  4  5  6  7  8  9 |
---------------+----------------------------+-----
Long Blades    | 3 4 5 6 8 9 |  9.6
Fighting       | 3 4 6 7 |  7.4
Dodging        | 3 4 |  4.0
Stealth        | 1 2 3 |  3.0
Armour         | 3 4 |  4.2
Invocations    | 3 6 |  6.2
Throwing       | |  1.7

Action                   |  1- 3 |  4- 6 |  7- 9 | 10-12 || total
-------------------------+-------+-------+-------+-------++-------
Melee: Long sword        |    82 |   224 |   409 |    30 ||   745
       Kick              |    25 |    64 |   151 |     4 ||   244
Throw: Throwing net      |       |       |     8 |     1 ||     9
Evoke: Wand              |       |     3 |       |     1 ||     4
  Use: Scroll            |     1 |     5 |     8 |       ||    14
       Potion            |       |       |     3 |     7 ||    10
 Stab: Sleeping          |       |       |     2 |       ||     2
       Held in net/web   |       |       |     2 |     5 ||     7
  Eat: Chunk             |       |     7 |     8 |       ||    15
       Ration            |       |       |     1 |       ||     1
Armor: Leather armour    |     4 |       |       |       ||     4
       Ring mail         |    26 |   114 |   173 |       ||   313
       Skin              |       |       |       |     2 ||     2
Dodge: Dodged            |    58 |   151 |   284 |       ||   493
       Rpst.: Long sword |    19 |    45 |    69 |       ||   133

Table legend:
 A = Non-vault XP
 B = Vault XP
 C = Vault XP percentage of total XP
 D = Non-vault monster count
 E = Vault monster count
 F = Vault count percentage of total count
                 A         B        C        D         E       F
            +---------+---------+-------+---------+---------+-------
      Total |    4725 |    1626 |  25.6 |     153 |      11 |   6.7
            +---------+---------+-------+---------+---------+-------
        D:1 |      24 |       0 |   0.0 |      13 |       0 |   0.0
        D:2 |      89 |      40 |  31.0 |      17 |       5 |  22.7
        D:3 |     148 |       0 |   0.0 |      28 |       0 |   0.0
        D:4 |     332 |      18 |   5.1 |      20 |       1 |   4.8
        D:5 |     291 |     183 |  38.6 |      14 |       1 |   6.7
        D:6 |     672 |       0 |   0.0 |      20 |       0 |   0.0
        D:7 |     537 |     116 |  17.8 |      15 |       1 |   6.2
        D:8 |    1477 |    1269 |  46.2 |      19 |       3 |  13.6
        D:9 |    1155 |       0 |   0.0 |       7 |       0 |   0.0
            +---------+---------+-------+---------+---------+-------
